Cogmind - Beta 14 @@@ ROGUE MODE // 2025.03.07 @ 21:18:51 Player: Komeiji O. Result: Destroyed by as-33359 with Assembled Rifle Performance ------------- Evolutions (0) 0 Regions Visited (4) 800 Robots Destroyed (26) 130 Value Destroyed (494) 494 Prototype IDs (25) 500 Alien Tech Used (0) 0 Bonus (282) 282 TOTAL SCORE: 2206 Bonus ------- Aligned with FarCom 300 Friendly Fire -18 Cogmind --------- Core Integrity 0/250 Matter 204/300 Energy 246/250 System Corruption 0% Temperature Cool (0) Movement Rolling (95) Ox1 Location -9/Mines Parts ------- > --- POWER (1) -------- Ion Engine > --- PROPULSION (2) --- Wheel Wheel > --- UTILITY (2) ------ Large Storage Unit Core Shielding > --- WEAPON (2) ------- Light Assault Rifle > --- INVENTORY (15) --- Ion Engine Compact Wheel Improved Heat Sink High-capacity Storage Unit Improved Terrain Scanner Seismic Detector Seismic Detector Seismic Detector PSU Rigger Medium Laser Medium Laser Mining Laser Makeshift Hammer Peak State ------------ > --- POWER ------------ Ion Engine > --- PROPULSION ------- Light Treads Light Treads > --- UTILITY ---------- Large Storage Unit Core Shielding > --- WEAPON ----------- Medium Laser Light Assault Rifle > --- INVENTORY -------- Ion Engine Wheel Wheel Compact Wheel Improved Heat Sink High-capacity Storage Unit Improved Terrain Scanner Seismic Detector Seismic Detector Seismic Detector Medium Laser Grenade Launcher Mining Laser Makeshift Hammer [Rating: 9] Favorites ----------- Power Ion Engine Engine Ion Engine Propulsion Light Treads Treads Light Treads Wheel Wheel Utility Large Storage Unit Device Seismic Detector Storage Large Storage Unit Protection Core Shielding Weapon Medium Laser Energy Gun Medium Laser Ballistic Gun Light Assault Rifle Launcher Grenade Launcher Build | -11 -10 -10 -10 -9 ------- Run | Yrd Mat Min Exi Min Slots Evolved . | . . . . . Power . | . . . . . Propulsion . | . . . . . Utility . | . . . . . Weapon . | . . . . . Parts Attached 24 | 7 2 10 . 5 Power 3 | 1 1 1 . . Engine 3 | 1 1 1 . . Core . | . . . . . Reactor . | . . . . . Propulsion 6 | 2 . 2 . 2 Treads 3 | 1 . 2 . . Leg . | . . . . . Wheel 3 | 1 . . . 2 Hover . | . . . . . Flight . | . . . . . Utility 8 | 2 1 3 . 2 Device 3 | 1 . 1 . 1 Storage 2 | 1 1 . . . Processor . | . . . . . Hackware . | . . . . . Protection 3 | . . 2 . 1 Artifact . | . . . . . Weapon 7 | 2 . 4 . 1 Energy Gun 3 | 1 . 2 . . Energy Cannon . | . . . . . Ballistic Gun 2 | 1 . 1 . . Ballistic Cannon . | . . . . . Launcher 2 | . . 1 . 1 Special Weapon . | . . . . . Impact Weapon . | . . . . . Slashing Weapon . | . . . . . Piercing Weapon . | . . . . . Special Melee Weapon . | . . . . . Unidentified Prototypes . | . . . . . Parts Lost 8 | . . 5 . 3 Power 1 | . . 1 . . Propulsion 4 | . . 2 . 2 Utility . | . . . . . Weapon 3 | . . 2 . 1 Highest Loss Streak 4 | . . 4 . 3 To Critical Strikes . | . . . . . Average Slot Usage (%) 99 | . 100 99 100 97 Engine 13 | . 14 13 14 14 Treads 22 | . 14 26 28 26 Wheel 4 | . 14 1 . . Device 8 | . 14 7 . 4 Storage 14 | . 14 14 14 14 Protection 5 | . . 6 14 10 Energy Gun 13 | . 14 13 14 2 Ballistic Gun 14 | . 14 14 14 14 Peak Build Rating 9 | 7 8 9 9 9 Average Rating 7 | 5 7 8 9 8 On Entrance 6 | . 7 8 9 9 Naked Turns . | . . . . . Heaviest Build 30 | 15 30 30 29 30 Greatest Support 40 | 20 10 40 40 40 Greatest Overweight (x) 2 | 1 2 2 . 1 Average Overweight (x) . | . 1 . . . Largest Inventory Capacity 15 | 8 15 15 15 15 Average Capacity 13 | 7 11 15 15 15 Most Carried 15 | 7 14 14 15 15 Average Carried 11 | 5 10 11 14 14 Final Capacity 15 | 8 15 15 15 15 Final Carried 15 | 7 14 14 15 13 Class Distribution -------------------- 100% | Mutant Dominant Class ---------------- Mutant | -10/Materials Mutant | -10/Mines Mutant | -10/Exiles Mutant | -9/Mines Resources | -11 -10 -10 -10 -9 ----------- Run | Yrd Mat Min Exi Min Matter Collected 511 | 287 96 128 . . Remotely . | . . . . . Salvage Created 676 | 120 223 316 . 17 Parts 50 | 17 18 15 . . Haulers Intercepted . | . . . . . Recyclers Shooed . | . . . . . Parts Field Recycled . | . . . . . Retrieved Matter . | . . . . . Parts Self-Destructed . | . . . . . Prevented . | . . . . . Kills | -11 -10 -10 -10 -9 ------- Run | Yrd Mat Min Exi Min Combat Hostiles Destroyed 24 | . 8 9 . 7 Guns 14 | . 8 6 . . AOE 10 | . . 3 . 7 Classes Destroyed 6 | 1 4 . . 1 Worker 2 | . 1 1 . . Tunneler 6 | 6 . . . . Watcher 1 | . 1 . . . Swarmer 9 | . 6 3 . . Grunt 8 | . 2 6 . . Assembled 7 | . . . . 7 Best Kill Streak 7 | 3 3 3 . 7 Combat Bots Only 7 | . 3 3 . 7 Max Kills in Single Turn 3 | 2 1 3 . 2 Gunslinging . | . . . . . Exploded 3 | . . 3 . 2 Melee . | . . . . . Uniques/NPCs Destroyed . | . . . . . Combat | -11 -10 -10 -10 -9 -------- Run | Yrd Mat Min Exi Min Hostile Shots Fired 138 | . 36 69 . 33 Missed 39 | . 10 19 . 10 Damage Taken 1271 | . 266 723 . 282 Core 256 | . 42 153 . 61 Absorbed by Shields . | . . . . . Redirected to Shielding 28 | . . 16 . 12 Core Remaining (%) 100 | 100 . . . . Volleys Fired 68 | 9 22 31 . 6 Largest 2 | 2 2 2 . 2 Hottest 70 | 70 70 70 . 50 Shots Fired 127 | 18 44 58 . 7 Gun 120 | 18 44 57 . 1 Cannon . | . . . . . Launcher 7 | . . 1 . 6 Special . | . . . . . Kinetic 61 | 9 22 29 . 1 Thermal 59 | 9 22 28 . . Explosive 7 | . . 1 . 6 Electromagnetic . | . . . . . Robot Hit Streak 10 | 6 8 10 . 8 Robot Miss Streak 3 | 2 3 3 . 1 Penetration Max . | . . . . . Secondary Targets 3 | . 1 2 . . Max Gunslinging Chain 1 | . 1 1 . . Shots Hit Robots 84 | 11 27 42 . 4 Core Hits 57 | 6 13 20 . 18 Critical Kills . | . . . . . Critical Parts Destroyed . | . . . . . Critical Strikes 8 | . 6 2 . . Burn 8 | . 6 2 . . Melee Attacks . | . . . . . Impact . | . . . . . Slashing . | . . . . . Piercing . | . . . . . Sneak Attacks . | . . . . . Combat Hostiles . | . . . . . Follow-up Attacks . | . . . . . Damage Inflicted 1613 | 153 348 654 . 458 Guns 992 | 153 348 491 . . Cannons . | . . . . . Explosions 573 | . . 115 . 458 Melee . | . . . . . Ramming 48 | . . 48 . . Kinetic 432 | 52 174 206 . . Thermal 560 | 101 174 285 . . Explosive 573 | . . 115 . 458 Electromagnetic . | . . . . . Impact . | . . . . . Slashing . | . . . . . Piercing . | . . . . . Highest Corruption . | . . . . . Average Corruption . | . . . . . Corruption Purged . | . . . . . Corruption Blocked . | . . . . . Overload Shots . | . . . . . Overflow Damage 3 | . . . . 3 Projectiles . | . . . . . Explosions 3 | . . . . 3 Melee . | . . . . . Knockbacks . | . . . . . Impact . | . . . . . Kinetic . | . . . . . Secondary . | . . . . . Self-Inflicted Damage 34 | . . 29 . 5 Shots 2 | . . 1 . 1 Rammed 9 | . . 9 . . Targets Rammed 9 | . . 9 . . Kicked . | . . . . . Crushed . | . . . . . Highest Temperature 236 | 27 141 236 . 40 Average Temperature 67 | 9 41 103 . 26 Received Heat Transfer 555 | . 93 402 . 60 Siege Activations . | . . . . . Robots Corrupted . | . . . . . Combat Hostiles . | . . . . . Parts Fried . | . . . . . Impact Corruptions . | . . . . . Robots Melted . | . . . . . Combat Hostiles . | . . . . . Parts Melted 6 | . 2 4 . . Heat Transferred 2220 | 296 962 962 . . Parts Sabotaged . | . . . . . Parts Stolen . | . . . . . Parts Stripped . | . . . . . Power Chain Reactions . | . . . . . Alert | -11 -10 -10 -10 -9 ------- Run | Yrd Mat Min Exi Min Peak Influence 247 | 30 247 230 . 21 Initial 52 | . 19 52 . . Average 94 | 14 142 85 . 3 Maximum Alert Level 1 | . 1 1 . . Low Security (%) 75 | 100 60 78 . 100 Level 1 24 | . 39 21 . . Level 2 . | . . . . . Level 3 . | . . . . . Level 4 . | . . . . . Level 5 . | . . . . . High Security . | . . . . . Max Security . | . . . . . Squads Dispatched . | . . . . . Investigation . | . . . . . Extermination . | . . . . . Reinforcement . | . . . . . Assault . | . . . . . Garrison . | . . . . . Intercept . | . . . . . Searches Triggered . | . . . . . Construction Impeded . | . . . . . Haulers Reinforced . | . . . . . Active Scanning Responses . | . . . . . Cargo Convoy Interrupts . | . . . . . Stealth | -11 -10 -10 -10 -9 --------- Run | Yrd Mat Min Exi Min Distress Signals . | . . . . . Communications Jammed . | . . . . . Distress Signals . | . . . . . Times Spotted 47 | . 16 9 . 22 Peak Tracking Total 20 | . 3 3 . 20 Tactical Retreats 3 | . 1 . . 2 Traps | -11 -10 -10 -10 -9 ------- Run | Yrd Mat Min Exi Min Traps Triggered . | . . . . . Indirectly . | . . . . . Trap Hack Attempts . | . . . . . Triggered . | . . . . . Disarmed . | . . . . . Reprogrammed . | . . . . . Reused . | . . . . . Traps Extracted . | . . . . . Installed . | . . . . . Triggered . | . . . . . Machines | -11 -10 -10 -10 -9 ---------- Run | Yrd Mat Min Exi Min Machines Disabled 2 | . . 2 . . Max in Single Turn 2 | . . 2 . . Machines Repaired . | . . . . . Machines Dismantled . | . . . . . Machines Sabotaged . | . . . . . Overloaded Fab Kills . | . . . . . Hacking | -11 -10 -10 -10 -9 --------- Run | Yrd Mat Min Exi Min Machines Accessed 11 | . 9 . 2 . Terminals 7 | . 7 . . . Fabricators . | . . . . . Repair Stations . | . . . . . Recycling Units 2 | . 2 . . . Scanalyzers . | . . . . . Garrison Access . | . . . . . Total Hacks 32 | . 27 . 5 . Successful 20 | . 15 . 5 . Failed 12 | . 12 . . . Catastrophic . | . . . . . Database Lockouts . | . . . . . Manual 20 | . 19 . 1 . Terminals 22 | . 22 . . . Fabricators . | . . . . . Repair Stations . | . . . . . Recycling Units 5 | . 5 . . . Scanalyzers . | . . . . . Garrison Access . | . . . . . Terminal Hacks 12 | . 7 . 5 . Record 4 | . . . 4 . Robot Analysis 2 | . 2 . . . Prototype ID Bank 1 | . 1 . . . Locate Traps 3 | . 3 . . . Hauler Manifests 1 | . 1 . . . Derelict Proto ID Bank 1 | . . . 1 . Fabricator Hacks . | . . . . . Repair Station Hacks . | . . . . . Recycling Unit Hacks . | . . . . . Scanalyzer . | . . . . . Garrison Access Hacks . | . . . . . Unauthorized Hacks 8 | . 8 . . . Terminals 6 | . 6 . . . Track 1 | . 1 . . . Assimilate 2 | . 2 . . . Botnet 1 | . 1 . . . Skim 2 | . 2 . . . Fabricators . | . . . . . Repair Stations . | . . . . . Recycling Units 2 | . 2 . . . Monitor 1 | . 1 . . . Reject 1 | . 1 . . . Scanalyzers . | . . . . . Garrison Access . | . . . . . Data Cores Recovered . | . . . . . Used . | . . . . . Hacking Detections 9 | . 9 . . . Full Trace Events . | . . . . . Feedback Events . | . . . . . Feedback Blocked . | . . . . . Robot Schematics Acquired . | . . . . . Robots Built . | . . . . . Authchips . | . . . . . Time . | . . . . . Total Robot Build Rating . | . . . . . Part Schematics Acquired . | . . . . . Parts Built . | . . . . . Authchips . | . . . . . Time . | . . . . . Total Part Build Rating . | . . . . . Parts Repaired . | . . . . . Time . | . . . . . Parts Recycled . | . . . . . Recycled Matter . | . . . . . Retrieved Matter . | . . . . . Retrieved Components . | . . . . . Parts Scanalyzed . | . . . . . Part Schematics Acquired . | . . . . . Parts Damaged . | . . . . . Bothacking | -11 -10 -10 -10 -9 ------------ Run | Yrd Mat Min Exi Min Used RIF Installer . | . . . . . Robots Hacked . | . . . . . Non-combat . | . . . . . Combat . | . . . . . Robot Hacks Applied . | . . . . . Relay Couplers Released . | . . . . . Fabnet Peak Effective % . | . . . . . Robots Rewired . | . . . . . Allies Hacked . | . . . . . Hacks Repelled . | . . . . . Allies | -11 -10 -10 -10 -9 -------- Run | Yrd Mat Min Exi Min Total Allies 1 | . 1 . . . Largest Group 1 | . 1 1 1 1 Highest-Rated Group 10 | . 10 10 10 10 Highest-Rated Ally 10 | . 10 10 10 10 Total Orders . | . . . . . Ally Attacks . | . . . . . Total Damage . | . . . . . Kills . | . . . . . Allies Corrupted . | . . . . . Allies Melted 1 | . . . . 1 Intel | -11 -10 -10 -10 -9 ------- Run | Yrd Mat Min Exi Min Robot Analysis Total 2 | . 2 . . . Derelict Logs Recovered 3 | . . 2 . 1 Drone Launches . | . . . . . Drone Recoveries . | . . . . . Exploration | -11 -10 -10 -10 -9 ------------- Run | Yrd Mat Min Exi Min Turns Passed 2487 | 219 705 1155 334 74 Spaces Moved 1701 | 186 605 668 208 34 Core 2 | 2 . . . . Treads 833 | 1 . 592 208 32 Legs . | . . . . . Wheels 866 | 183 605 76 . 2 Hover . | . . . . . Flight . | . . . . . Fastest Speed 50 | 50 95 110 160 95 Average Speed 130 | 93 103 154 160 158 Slowest Speed 240 | 160 110 160 160 240 Overloaded Moves . | . . . . . Propulsion Burnouts . | . . . . . Robots Hopped . | . . . . . Cave-ins Triggered . | . . . . . Exploration Rate (%) 53 | 4 91 92 61 17 Regions Visited 4 Branch Regions 3 Pre-discovered Areas 2 | . . . 1 1 Known Exits Taken . | . . . . . Unknown Exits Taken 4 | 1 1 1 1 . Scrap Searched 1 | . . 1 . . Spaces Dug . | . . . . . Terrain Destroyed 41 | . . 3 . 38 Melee . | . . . . . Projectile . | . . . . . AOE 41 | . . 3 . 38 Terrain Rammed . | . . . . . Walls Destroyed . | . . . . . Machines Disabled . | . . . . . Actions | -11 -10 -10 -10 -9 --------- Run | Yrd Mat Min Exi Min Total 1838 | 208 645 731 209 45 Wait 16 | . 6 9 1 . Move 1697 | 185 604 667 207 34 Hop . | . . . . . Pick Up 21 | 7 8 5 1 . Fast Attach 7 | 7 . . . . Attach 7 | . . 5 . 2 Detach . | . . . . . Swap 10 | . 2 5 . 3 Drop 3 | . 3 . . . Fire 68 | 9 22 31 . 6 Melee . | . . . . . Ram . | . . . . . Kick . | . . . . . Crush 9 | . . 9 . . Escape Stasis . | . . . . . Rewire . | . . . . . Trap . | . . . . . Miscellaneous . | . . . . . Route ------- -11/Scrapyard -10/Materials (discovered 4 exits: [*Mat x3] / [*Min]) -10/Mines (discovered 3 exits: [*Mat x2] / *Exi) -10/Exiles (discovered 2 exits: [*Min x2]) -9/Mines History --------- Turn | Location | Event 14 | -11/Scrapyard | Discovered new exit (range 16) 220 | -11/Scrapyard | Entered Materials 314 | -10/Materials | Build established: Mutant 369 | -10/Materials | Discovered new exit (range 4) 412 | -10/Materials | Discovered new exit (range 8) 593 | -10/Materials | Discovered new exit (range 15) 713 | -10/Materials | Discovered new exit (range 4) 925 | -10/Materials | Entered Mines 925 | -10/Mines | Accompanied by 1 ally 983 | -10/Mines | Deemed a non-threat by the Exiles lab entrance 983 | -10/Mines | Discovered new exit (range 5) 1059 | -10/Mines | Learned location of 1 exit from Materials 1078 | -10/Mines | Core integrity fell below 50% 1081 | -10/Mines | Lost 4 parts (2n2w) 1178 | -10/Mines | Discovered new exit (range 9) 1605 | -10/Mines | Discovered new exit (range 6) 1773 | -10/Mines | Learned Materials trap positions 1899 | -10/Mines | A weapon hastily lodged in a ceiling crevice suddenly fell to the ground 2080 | -10/Mines | Entered Exiles 2080 | -10/Exiles | Accompanied by 1 ally 2101 | -10/Exiles | Discovered new exit (range 15) 2124 | -10/Exiles | Met 8R-AWN 2146 | -10/Exiles | Met EX-HEX 2191 | -10/Exiles | Met EX-BIN 2210 | -10/Exiles | Aligned with FarCom system 2212 | -10/Exiles | Given EX-Vault access code 2252 | -10/Exiles | Opened EX-Vault 2260 | -10/Exiles | Found PSU Rigger 2293 | -10/Exiles | Warned to stay clear of 0b10 Research branches 2318 | -10/Exiles | Exiles lab attacked by MAIN.C 2350 | -10/Exiles | Learned location of Zion (-6) 2398 | -10/Exiles | Discovered new exit (range 10) 2414 | -10/Exiles | Left Exiles lab with PSU Rigger 2414 | -10/Exiles | Entered Mines 2414 | -9/Mines | Accompanied by 1 ally 2428 | -9/Mines | Assembled infested the area 2433 | -9/Mines | Assisted by a Guerilla fighting off Assembled 2473 | -9/Mines | Core integrity fell below 20% 2488 | -9/Mines | Destroyed by as-33359 with Assembled Rifle Last Messages --------------- 02442_ HV Slug penetrates Earth. 02461_ Acquired derelict log, extracted data. World map confirmed: -6/Zion. 02462_ T-07 Excavator destroyed. 02466_ T-07 Excavator is excavating. 02469_ as-48342 destroyed. 02469_ as-35403 destroyed. 02469_ T-07 Excavator is excavating. 02471_ as-04000 destroyed. 02471_ as-64709 destroyed. 02473_ as-31667 destroyed. 02473_ T-07 Excavator is excavating. 02475_ as-82149 destroyed. 02477_ Lgt. Treads destroyed. 02477_ Destroyed Asb. Hover Unit. 02477_ as-42894 destroyed. 02478_ The unstable cave ceiling collapses. 02479_ as-96911 destroyed. 02484_ Lgt. Treads destroyed. 02486_ Grenade Launcher destroyed. Map ----- +----------------------------------------------------+ | | | | | | | | | | | ??????????????????????????????????????? | | ??????????????????????????????????????? | | ??????????????????????????????????????? | | ??????????????????????????????????????? | | ??????????????????????????????????????? | | ??????????????????????????????????????? | | ??????????????????????????????????????? | | ??????????????????????????????????????? | | ??????????????????????????????????????? | | ??????????????????????? #?????????????? | | ??????????????????????t #?????????????? | | ?????????????????????# ###???????????? | | ???????????????????? ???????????? | | ??????????????????? ????????????? | | ??????????????????# ?????????????? | | ?????????????????# """?????????????? | | ????????????????# """?????????????? | | ????????????#### """ ?????????? | | ????#??????## #?????????? | | ????# ????## #??????????? | | ????# ??## @ #???????????? | | ????# ### z #???????????? | | ????# #???????????? | | ????# ## #???????????? | | ??##### #?# #??????????? | | ??# #?# % #?? ??????????? | | ??# ?# #??? ??????????? | | ??# ## #??? ??????????? | | ??# # ???? # ???????????? | | ??# ?????###? ???????????? | | ??# ##?????????#????????????? | | ??# ##???????????????????????? | | ??## a #????????????????????????? | | ???## a #????????????????????????? | | ????## ####?????????????????????????? | | ?????## ##???????????????????????????? | | ??????# #???????????????????????????? | | ??????## ##????#?????????????????????? | | ???????# ### ##????????????????????? | | ???????# #????????????????????? | | ??????## #????????????????????? | | ??????# ##????????????????????? | | ?????# ####?????????????????????? | | ?????## ##????????????????????????? | | ??????## ###?????????????????????????? | +----------------------------------------------------+ Best States ------------- Heat Dissipation 25 Energy Generation 10 Energy Capacity 250 Matter Stores 300 Matter Capacity 300 Sight Range 16 Terrain Scan Density 10 Core Shielding 20 Evasion (%) 44 Recoil Reduction 2 Item Schematics ----------------- None Robot Schematics ------------------ None Fabricated ------------ Nothing Alien Tech Used ----------------- None Achievements -------------- None Challenges ------------ None Game ------ Seed SystemEnergyBeam Manual? 0 Play Time 00:16:46 Cumulative 295.2 hours Start 2025.03.06 @ 20:13:40 End 2025.03.07 @ 21:18:51 Sessions 3 Manual Loads 0 Difficulty Rogue Special Mode None Game No. 102 Rogue 101 Adventurer 1 Explorer 0 Win Type - Total 9 Types 8/0/1/0/0/0/0/0/0 Lore% 71 Gallery% 79 Achievement% 65 Wizard Run 0 Options --------- Layout 0 ASCII 1 Keyboard 1 Movement Vi Keybinds 0 Fullscreen 2 Font 36/Terminus++ Map View 76x50 Zoom Use 0% Tactical HUD 1 Map Filters NONE Filters NONE Steam 0 RUN: e4586059-447c-468b-84de-4621617de43d